 Dungeon Crawl Stone Soup version 0.27-a0-333-gfa571bf19a (webtiles) character file.

Game seed: 5918725740440934400

2 Nattfarinn the Caller (level 1, 0/13 HPs)
             Began as a Barachi Summoner on Feb 12, 2021.
             Slain by a leopard gecko (3 damage)
             ... on level 1 of the Dungeon.
             The game lasted 00:01:14 (197 turns).

Nattfarinn the Caller (Barachi Summoner)             Turns: 197, Time: 00:01:15

Health: 0/13       AC:  2    Str:  9    XL:     1   Next: 40%
Magic:  0/3        EV: 12    Int: 15    God:
Gold:   30         SH:  0    Dex: 12    Spells: 3/4 levels left

rFire    . . .     SeeInvis .   (no weapon)
rCold    . . .     Faith    .   (no shield)
rNeg     . . .     Spirit   .   a - +0 robe
rPois    .         Reflect  .   (no helmet)
rElec    .         Harm     .   b - scarf {+Inv}
rCorr    .         Rampage  .   (no gloves)
Will     .....                  (no boots)
Stlth    ++........             (no amulet)
HPRegen  0.04/turn              (no ring)
MPRegen  0.08/turn              (no ring)

@: can't hop, slow
A: +LOS, swims, slowness 1, strong legs 1
a: Hop, Evoke Invisibility


You were on level 1 of the Dungeon.
You visited 1 branch of the dungeon, and saw 1 of its levels.

You collected 30 gold pieces.

Inventory:

Armour
 a - a +0 robe (worn)
 b - a scarf of invisibility (worn)


   Skills:
 + Level 0.2 Fighting
 * Level 0.6 Armour
 + Level 2.2 Dodging
 - Level 1.7 Stealth
 - Level 2.1 Spellcasting
 - Level 4.8 Summonings


You had 3 spell levels left.
You knew the following spells:

 Your Spells              Type           Power        Failure   Level
a - Summon Small Mammal   Summ           64%          3%          1

Your spell library contained the following spells:

 Spells                   Type           Power        Failure   Level
 Call Imp                 Summ           16%          4%          2
 Call Canine Familiar     Summ           16%          9%          3
 Summon Guardian Golem    Hex/Summ       8%           24%         3
 Summon Ice Beast         Ice/Summ       8%           63%         4
 Summon Lightning Spire   Summ/Air       8%           63%         4


Dungeon Overview and Level Annotations

Branches:
Dungeon (1/15)

Altars:


Innate Abilities, Weirdness & Mutations

You can be seen from farther away. (+LOS)
You can swim through water.
You cover ground slowly.
You can hop short distances.


Message History

Casting: Summon Small Mammal (safe; 3% risk of failure)
Confirm with . or Enter, or press ? or * to list all spells.
A goblin comes into view.
Casting: Summon Small Mammal (safe; 3% risk of failure)
Confirm with . or Enter, or press ? or * to list all spells.
You miscast Summon Small Mammal.
Nothing appears to happen.
You swap places.
The leopard gecko barely misses your rat.
Your rat closely misses the leopard gecko.
The leopard gecko bites your rat. The leopard gecko bites your rat.
Your rat dies!
Your rat's corpse disappears in a puff of smoke!
The leopard gecko closely misses you.
You see here a giant cockroach corpse.
The leopard gecko bites you. The goblin hits you. x2
There is an open door here.
Hop to where?
Press: ? - help, Dir - move target Boing!
Casting: Summon Small Mammal (safe; 3% risk of failure)
Confirm with . or Enter, or press ? or * to list all spells.
Your magical contamination has completely faded away.
Your quokka bites the leopard gecko.
Your quokka closely misses the leopard gecko.
You closely miss the leopard gecko.
The leopard gecko is almost dead.
The leopard gecko bites you.
* * * LOW HITPOINT WARNING * * *
Your quokka barely misses the leopard gecko.
You hit the leopard gecko but do no damage.
The leopard gecko is almost dead.
The leopard gecko closely misses you.
Your quokka barely misses the leopard gecko.
You barely miss the leopard gecko.
The leopard gecko is almost dead.
The leopard gecko bites you.
You die...

#.# #.#..)..# #.#
#.≈..⌠..≈ #####.####
#.≈..<..≈ #........#
##.#.....# #.#......#
#..'#§§≈## #.#..g.#.#
#........#
####....r.#.####.####.###
........l.............#
####....@.#.###########
#........# #####.######
#........# #.#.####.#
#.#... #.#..## ......
##.#....


You could see a leopard gecko (ally target), a goblin and a friendly quokka
(summoned).

Vanquished Creatures (collateral kills)
  A dart slug (D:1)
  2 giant cockroaches (D:1)
3 creatures vanquished.

Notes
Turn   | Place    | Note
-------+----------+-------------------------------------------
     0 | D:1      | Nattfarinn the Barachi Summoner began the quest for the
                  | Orb.
     0 | D:1      | Reached XP level 1. HP: 13/13 MP: 3/3
   197 | D:1      | Slain by a leopard gecko

Illustrated notes

Levels and vault maps discovered:
D:1:      dpeg_arrival_rooms_with_view, layout_loops_corners

Action                   || total
-------------------------++-------
Melee: Unarmed           ||     3
 Cast: Summon Small Mamm ||    13
 Abil: Hop               ||     1
Armor: Robe              ||     1
Dodge: Dodged            ||     4

Table legend: (Time is in decaauts)
 A = Elapsed time spent in this place.
 B = Non-inter-level travel time spent in this place.
 C = Inter-level travel time spent in this place.
 D = Time resting spent in this place.
 E = Time spent auto-exploring this place.
 F = Levels seen in this place.
 G = Mean time per level.
                   A        B        C        D        E       F      G
               +--------+--------+--------+--------+--------+-----+--------+
         Total |    209 |    209 |      0 |     24 |     71 |   1 |  209.0 |
       Dungeon |    209 |    209 |      0 |     24 |     71 |   1 |  209.0 |
               +--------+--------+--------+--------+--------+-----+--------+

Top non-repeatable levels by time:
     D:1: 209 daAuts
